 Dungeon Crawl Stone Soup version 0.19.0-23-gf02e663 (webtiles) character file.

1488 sugabear the Chopper (level 8, 0/50 HPs)
             Began as a Gargoyle Fighter on Nov 19, 2016.
             Killed from afar by an orc wizard (5 damage)
             ... with a magic dart
             ... on level 6 of the Dungeon.
             The game lasted 00:05:39 (4111 turns).

sugabear the Chopper (Gargoyle Fighter)             Turns: 4111, Time: 00:05:40

Health: 0/50       AC:  0    Str: 22    XL:     8   Next: 80%
Magic:  0/8        EV:  9    Int:  8    God:
Gold:   463        SH: 10    Dex: 10    Spells: 0 memorised, 7 levels left

rFire  . . .     SeeInvis .     a - +0 war axe
rCold  + . .     Gourm    .     H - +2 ring mail {rC+}
rNeg   + + +     Faith    .     c - +0 shield
rPois  ∞         Spirit   +     (no helmet)
rElec  +         Reflect  .     E - +0 cloak
rCorr  .         Harm     .     k - +0 pair of gloves
MR     .....                    (no boots)
Stlth  +.........               F - amulet of guardian spirit
                                v - ring of positive energy
                                D - ring of positive energy

@: corroded
A: negative energy resistance 1, electricity resistance, unbreathing,
petrification resistance, rot immunity, AC +5
a: no special abilities


You were on level 6 of the Dungeon.
You were hungry.

You visited 1 branch of the dungeon, and saw 6 of its levels.

You collected 463 gold pieces.

Inventory:

Hand Weapons
 a - a +0 war axe (weapon)
Armour
 c - a +0 shield (worn)
 k - a +0 pair of gloves (worn)
 E - a +0 cloak (worn)
 H - a +2 ring mail of cold resistance (worn)
Jewellery
 p - a +2 ring of intelligence
 v - a ring of positive energy (right hand)
 D - a ring of positive energy (left hand)
 F - an amulet of guardian spirit (around neck)
Wands
 b - a wand of iceblast (5/15)
 y - a wand of acid (8/15)
 G - a wand of lightning (0/15)
Scrolls
 h - 2 scrolls of remove curse {unknown}
 i - a scroll of amnesia {unknown}
 j - 2 scrolls of fog {unknown}
 l - 4 scrolls of identify {unknown}
 m - a scroll of noise {unknown}
 o - a scroll of magic mapping {unknown}
 s - 2 scrolls of random uselessness {unknown}
 x - 2 scrolls of enchant armour {unknown}
 z - a scroll of enchant weapon {unknown}
 A - a scroll of teleportation {unknown}
 B - 3 scrolls of immolation {unknown}
 C - a scroll of recharging {unknown}
Potions
 d - 6 potions of might
 e - 3 potions of agility
 g - a potion of degeneration {unknown}
 n - 3 potions of heal wounds {unknown}
 q - a potion of berserk rage {unknown}
 t - a potion of flight {unknown}
 u - 2 potions of ambrosia {unknown}
Comestibles
 f - 3 bread rations
 r - a meat ration
 w - 3 chunks of flesh


   Skills:
 + Level 5.5 Fighting
 + Level 6.7 Axes
 + Level 5.4 Armour
 + Level 1.3 Dodging
 + Level 1.0 Stealth
 + Level 6.3 Shields


You had 7 spell levels left.
You didn't know any spells.

Dungeon Overview and Level Annotations

Branches:
Dungeon (6/15)
 Temple: D:4-7

Altars:
Ashenzari
Dithmenos
Elyvilon
Hepliaklqana
Sif Muna
Trog

Shops:
D:4 :


Innate Abilities, Weirdness & Mutations

You are resistant to torment.
Your stone body is resilient. (AC +5)
You are immune to poison.
You resist negative energy. (rN+)
You are resistant to electric shocks. (rElec)
You can survive without breathing.
You are immune to petrification.
You are immune to rotting.


Message History

You block the orc priest's attack.
You hit the orc priest but do no damage.
The orc priest is heavily wounded.
You block the orc priest's attack.
You slash the orc priest!
You kill the orc priest!
A leopard gecko zombie comes into view.
An orc wizard comes into view. It is wielding a dagger.
You see here a flail.
You see here a worker ant corpse.
You butcher the worker ant corpse.
You see here 3 chunks of flesh.
w - 3 chunks of flesh An orc comes into view.
It is wielding a falchion.
You miss the orc wizard. The orc wizard hits you with a dagger.
* * * LOW HITPOINT WARNING * * *
You closely miss the orc wizard. The orc wizard casts a spell at you.
The magic dart hits you!
You die...

..o..).#.## ..#
#.#..#...##### #.#
#.o..#.#.....###.#
.#####..#...##...##.## #
..>....o)..>.....[...##.#
.#######Z....#...##......
#)###.....)....... #o#
####.###.###.# #@# #.#
#.# # #.# #.# #.#
........# #.# #.# .#
######### ###.###.## .#
##.....#.#. .#
#).....#.#.#.
#......#.#...
#.(......##.# ## .#
#.(....####.#


You could see an orc wizard, an orc and a leopard gecko zombie.

Vanquished Creatures
  Menkaure (D:6)
  Duvessa (D:5)
  An ice beast (D:5)
  A sky beast (D:5)
  An ogre (D:6)
  3 phantoms
  A centaur (D:6)
  Dowan (D:5)
  A scorpion (D:5)
  A howler monkey (D:4)
  A crimson imp (D:5)
  A jelly (D:6)
  A centaur zombie (D:5)
  A hound (D:4)
  An orc priest (D:6)
  Crazy Yiuf (D:4)
  An orc wizard (D:5)
  A bullfrog skeleton (D:4)
  A centaur skeleton (D:5)
  An iguana (D:5)
  3 worker ants
  A howler monkey zombie (D:5)
  3 gnolls (D:5)
  3 adders
  An ooze (D:5)
  An adder skeleton (D:3)
  4 worms
  2 leopard geckos
  9 orcs
  3 ball pythons
  10 bats
  A giant cockroach (D:4)
  5 hobgoblins
  3 jackals (D:2)
  2 quokkas
  3 frilled lizards
  11 goblins
  7 kobolds
  A quokka skeleton (D:5)
  A quokka zombie (D:6)
  7 rats
103 creatures vanquished.

Notes
Turn   | Place    | Note
-------+----------+-------------------------------------------
     0 | D:1      | sugabear the Gargoyle Fighter began the quest for the Orb.
     0 | D:1      | Reached XP level 1. HP: 14/14 MP: 1/1
    58 | D:1      | Reached XP level 2. HP: 19/19 MP: 2/2
   527 | D:2      | Reached XP level 3. HP: 24/24 MP: 3/3
  1039 | D:3      | Reached XP level 4. HP: 25/29 MP: 4/4
  1264 | D:3      | Found a white marble altar of Elyvilon.
  1671 | D:4      | Reached XP level 5. HP: 28/33 MP: 5/5
  1751 | D:4      | Noticed a phantom
  1754 | D:4      | Found Enuoc's Book Shoppe.
  1808 | D:4      | Killed a phantom
  2123 | D:4      | Found a deep blue altar of Sif Muna.
  2185 | D:4      | Found a runed door.
  2216 | D:4      | Reached skill level 1 in Dodging
  2216 | D:4      | Reached XP level 6. HP: 38/38 MP: 6/6
  2284 | D:4      | Found a bloodstained altar of Trog.
  2417 | D:4      | Noticed Crazy Yiuf
  2432 | D:4      | Killed Crazy Yiuf
  2460 | D:5      | Entered Level 5 of the Dungeon
  2496 | D:5      | Reached skill level 5 in Shields
  2671 | D:5      | Found a shadowy altar of Dithmenos.
  2683 | D:5      | Noticed a sky beast
  2713 | D:5      | Killed a sky beast
  2713 | D:5      | Reached XP level 7. HP: 21/44 MP: 7/7
  2757 | D:5      | Found a hazy altar of Hepliaklqana.
  2757 | D:5      | Noticed Duvessa
  2758 | D:5      | Noticed Dowan
  3009 | D:5      | Killed Duvessa
  3029 | D:5      | Reached skill level 5 in Axes
  3035 | D:5      | Killed Dowan
  3282 | D:5      | Reached skill level 5 in Armour
  3282 | D:5      | Reached XP level 8. HP: 37/48 MP: 8/8
  3388 | D:5      | Found a shattered altar of Ashenzari.
  3545 | D:5      | Reached skill level 1 in Stealth
  3850 | D:6      | Reached skill level 5 in Fighting
  3859 | D:6      | Noticed Menkaure
  3866 | D:6      | Killed Menkaure
  4111 | D:6      | Killed from afar by an orc wizard

Skill      XL: |  1  2  3  4  5  6  7  8 |
---------------+-------------------------+-----
Axes           | 2 3 4 5 6 |  6.7
Shields        | 4 5 6 |  6.3
Fighting       | 4 5 |  5.5
Armour         | 4 5 |  5.4
Dodging        | 1 |  1.3
Stealth        | 1 |  1.0

Action                   |  1- 3 |  4- 6 |  7- 9 || total
-------------------------+-------+-------+-------++-------
Melee: War axe           |   142 |   187 |   159 ||   488
Evoke: Wand              |       |       |     3 ||     3
  Eat: Chunk             |     1 |     3 |     2 ||     6
       Fruit             |       |     4 |       ||     4
       Beef jerky        |       |     1 |       ||     1
Armor: Scale mail        |    76 |    28 |       ||   104
       Chain mail        |       |    83 |    87 ||   170
       Ring mail         |       |       |    13 ||    13
Dodge: Dodged            |    58 |    45 |    46 ||   149
Block: Shield            |    82 |    96 |    81 ||   259
